 Dungeon Crawl Stone Soup version 0.28-a0-1374-ga75cb3825e (webtiles) character file.

Game seed: 12697434877453034426

128 rocketpapaya the Changer (level 4, -4/34 HPs)
             Began as a Demigod Transmuter on Dec 31, 2021.
             Slain by a gnoll (6 damage)
             ... on level 3 of the Dungeon.
             The game lasted 00:06:35 (3037 turns).

rocketpapaya the Changer (Demigod Transmuter)       Turns: 3037, Time: 00:06:35

Health: -4/34      AC:  3    Str: 15    XL:     4   Next: 57%
Magic:  7/9        EV: 12    Int: 15    God:
Gold:   133        SH:  0    Dex: 14    Spells: 3/6 levels left

rFire   + . .      SeeInvis .     - Unarmed
rCold   . . .      Faith    .   (no shield)
rNeg    . . .      Spirit   .   a - +0 robe
rPois   .          Reflect  .   (helmet currently unavailable)
rElec   .          Harm     .   (no cloak)
rCorr   .          Rampage  .   o - +0 pair of gloves
Will    .....                   (boots currently unavailable)
Stlth   +.........              (no amulet)
HPRegen 0.11/turn               j - ring of protection from fire
MPRegen 0.11/turn               (no ring)

@: appendages (expiring), wereblooded
A: horns 2, talons 2, high mp 1, forlorn, divine attributes
a: End Transformation


You were on level 3 of the Dungeon.
You had temporarily grown beastly horns and talons.
You visited 1 branch of the dungeon, and saw 3 of its levels.

You collected 133 gold pieces.

Inventory:

Armour
 a - a +0 robe (worn)
 d - a +0 pair of gloves
 o - a +0 pair of gloves (worn)
Jewellery
 b - an amulet of guardian spirit
 j - a ring of protection from fire (left hand)
Scrolls
 c - a scroll of brand weapon {unknown}
 e - a scroll of acquirement {unknown}
 f - 2 scrolls of torment {unknown}
 g - 3 scrolls of enchant weapon {unknown}
 h - a scroll of teleportation {unknown}
 i - a scroll of magic mapping {unknown}
 k - a scroll of fog {unknown}
 n - a scroll of identify {unknown}
Potions
 l - 2 potions of attraction {unknown}
 m - a potion of curing {unknown}


   Skills:
 - Level 0.8 Fighting
 - Level 1.7 Dodging
 * Level 3.0 Unarmed Combat
 - Level 1.7 Spellcasting
 + Level 4.4 Transmutations


You had 3 spell levels left.
You knew the following spells:

 Your Spells              Type           Power      Damage    Failure   Level
a - Beastly Appendage     Tmut           28%        N/A       3%          1
b - Wereblood             Tmut           14%        N/A       5%          2

Your spell library contained the following spells:

 Spells                   Type           Power      Damage    Failure   Level
 Spider Form              Tmut/Pois      7%         N/A       28%         3
 Ice Form                 Ice/Tmut       7%         N/A       67%         4


Dungeon Overview and Level Annotations

Branches:
Dungeon (3/15)

Shops:
D:1 =(=


Innate Abilities, Weirdness & Mutations

You have temporarily grown beastly horns and talons.
You have an increased reservoir of magic. (+10% MP)
You shall have no god before yourself.
Your divine heritage dramatically boosts your attributes as you level up.


Message History

You hit the gnoll.
The gnoll is lightly wounded.
The gnoll hits you with a +0 spear.
You barely miss the gnoll. You claw the gnoll.
The gnoll is moderately wounded.
The gnoll hits you with a +0 spear.
You hit the gnoll but do no damage. Your kick misses the gnoll.
The gnoll is moderately wounded.
The gnoll closely misses you.
You hit the gnoll. Your kick misses the gnoll.
The gnoll is severely wounded.
The gnoll closely misses you.
You hit the gnoll but do no damage. You claw the gnoll, but do no damage.
Your headbutt misses the gnoll.
The gnoll is severely wounded.
The gnoll hits you with a +0 spear.
* * * LOW HITPOINT WARNING * * *
You closely miss the gnoll. You claw the gnoll, but do no damage.
Your headbutt misses the gnoll.
The gnoll is severely wounded.
You closely miss the gnoll. You claw the gnoll.
You feel a bit better.
You kill the gnoll!
Press: ? - help, v - describe, . - travel, g - get item
Here: a gnoll, wielding a +0 whip Item here: a +0 spear.
The floor.
You closely miss the gnoll.
Your transformation is almost over.
The gnoll hits you with a +0 whip.
You barely miss the gnoll. Your kick misses the gnoll.
The gnoll hits you with a +0 whip.
* * * LOW HITPOINT WARNING * * *
You hit the gnoll.
The gnoll is moderately wounded.
The gnoll hits you with a +0 whip.
* * * LOW HITPOINT WARNING * * *
You barely miss the gnoll.
The gnoll is moderately wounded.
The gnoll hits you with a +0 whip.
You die...

##.##### #.g........#
#......# #.g........#
###..##### #.g........#
.....########
#..........+
###.........##
#..........#
.............#
#..........#
###..........#
#(.........#
#............#########'#
#.#.............@g.....#
..#.........############
.....####.##.........#
..##.# #.##.#######.#
#.##.# #....# #.# ..#.#
#.##.# #.# #)#.#
#.##.##### #.#
#.#.####........# #.#
#.#.#.#.).......###.####


You could see a gnoll.

Vanquished Creatures
  6 adders
  A gnoll (D:3)
  4 dart slugs (D:2)
  4 ball pythons
  7 endoplasms
  4 giant cockroaches (D:1)
  3 hobgoblins
  6 jackals
  2 kobolds
  5 quokkas
  7 bats
  3 frilled lizards
  2 goblins (D:1)
  2 rats (D:1)
56 creatures vanquished.

Notes
Turn   | Place    | Note
-------+----------+-------------------------------------------
     0 | D:1      | rocketpapaya the Demigod Transmuter began the quest for the
                  | Orb.
     0 | D:1      | Reached XP level 1. HP: 15/15 MP: 5/5
    51 | D:1      | Reached skill level 2 in Transmutations
   149 | D:1      | Found Hongeuney's Jewellery Shoppe.
   494 | D:1      | Reached XP level 2. HP: 17/22 MP: 5/7
   624 | D:1      | Found Cessatu's Jewellery Shoppe.
   788 | D:1      | Found Lior's Weapon Shoppe.
   847 | D:1      | Reached skill level 3 in Transmutations
  1218 | D:2      | Reached XP level 3. HP: 27/27 MP: 6/8
  1745 | D:2      | Reached skill level 4 in Transmutations
  1788 | D:2      | Reached XP level 4. HP: 24/34 MP: 9/9
  3022 | D:3      | Learned a level 2 spell: Wereblood
  3037 | D:3      | Slain by a gnoll

Illustrated notes

Levels and vault maps discovered:
D:1:      evilmike_arrival_home_sweet_home, layout_rooms, serial_shops, shop,
          shop, nicolae_diamond_shop, shapermc_ecumenical_altar_pompeii,
          chequers_serial_rivers_small_3, minmay_misc_feat_chi,
          minmay_misc_feat_roman, nicolae_figureground_pulse
D:2:      kennysheep_big_flooded_room, layout_loops_corners
D:3:      layout_basic

Skill      XL: |  1  2  3  4 |
---------------+-------------+-----
Transmutations | 2 3 4 |  4.4
Unarmed Combat | 3 |  3.0
Fighting       | |  0.8
Dodging        | |  1.7
Spellcasting   | |  1.7

Action                   |  1- 3 |  4- 6 || total
-------------------------+-------+-------++-------
Melee: Unarmed           |   105 |    53 ||   158
       Kick              |    29 |    13 ||    42
       Headbutt          |    11 |     6 ||    17
 Cast: Beastly Appendage |    22 |    10 ||    32
       Wereblood         |       |     1 ||     1
 Stab: Sleeping          |     2 |       ||     2
Armor: Robe              |    14 |    10 ||    24
Dodge: Dodged            |    67 |    24 ||    91

Table legend: (Time is in decaauts)
 A = Elapsed time spent in this place.
 B = Non-inter-level travel time spent in this place.
 C = Inter-level travel time spent in this place.
 D = Time resting spent in this place.
 E = Time spent auto-exploring this place.
 F = Levels seen in this place.
 G = Mean time per level.
                   A        B        C        D        E       F      G
               +--------+--------+--------+--------+--------+-----+--------+
         Total |   3031 |   3002 |     29 |    236 |   2331 |   3 | 1010.3 |
       Dungeon |   3031 |   3002 |     29 |    236 |   2331 |   3 | 1010.3 |
               +--------+--------+--------+--------+--------+-----+--------+

Top non-repeatable levels by time:
     D:2: 1247 daAuts
     D:1: 1212 daAuts
     D:3: 571 daAuts
